| TOP OF THE 1ST |
|
West Virginia Power batting - Pitching for Wisconsin Timber Rattlers : RHP Javy Rodriquez
|
|
Pitching: RHP Javy Rodriquez
|
|
|
Batting: RHB Ken Manser
|
0-0: Ball 1-0: SINGLE (Groundball, 6S, EV 72.5 MPH) (infield hit)
|
|
Batting: RHB Terrence Wilson
|
0-0: Ball 1-0: Called Strike Ken Manser steals 2nd base 1-1: Ball Ken Manser steals 3rd base 2-1: Fly out, F9 (Flyball, 9, EV 78.1 MPH) Runner from 3rd tags up, SCORES, throw by RF
|
|
Batting: RHB Alain Marquet
|
0-0: DOUBLE (Line Drive, 9LS, EV 111.2 MPH)
|
|
Batting: LHB Tomohiro Yokoyama
|
0-0: Ball 1-0: Ball 2-0: Ball 3-0: Called Strike 3-1: Reached on error, E5 (Groundball, 5, EV 85.6 MPH) Alain Marquet to third
|
|
Batting: RHB Dave Fredericks
|
0-0: Called Strike 0-1: Ball 1-1: Ball 2-1: Foul Ball, location: 2F 2-2: Foul Ball, location: 2F 2-2: Foul Ball, location: 2F 2-2: Foul Ball, location: 2F 2-2: Ball 3-2: Base on Balls Tomohiro Yokoyama to second
|
|
Batting: RHB Tim Moore
|
0-0: Ball 1-0: Foul Ball, location: 2F 1-1: Foul Ball, location: 2F 1-2: Foul Ball, location: 2F 1-2: Fly out, F9 (Flyball, 89M, EV 96.9 MPH)
|
|
Batting: RHB Chris Beckham
|
0-0: Called Strike 0-1: Foul Ball, location: 2F 0-2: SINGLE (Line Drive, 4D, EV 108.8 MPH) Alain Marquet scores Tomohiro Yokoyama to third Dave Fredericks to second
|
|
Batting: RHB Seung-mun Kim
|
0-0: Called Strike 0-1: Ball 1-1: Foul Ball, location: 2F 1-2: Foul Ball, location: 2F 1-2: Ball 2-2: Ball 3-2: Strikes out swinging
|
| Top of the 1st over - 2 runs, 3 hits, 1 error, 3 left on base; West Virginia 2 - Wisconsin 0 |
| BOTTOM OF THE 1ST |
|
Wisconsin Timber Rattlers batting - Pitching for West Virginia Power : LHP Mario Flores
|
|
Pitching: LHP Mario Flores
|
|
|
Batting: RHB Hector Silva
|
0-0: Ball 1-0: Ball 2-0: Ground out 2-3 (Groundball, 15S, EV 62.5 MPH)
|
|
Batting: RHB Ryan Miller
|
0-0: Ball 1-0: SINGLE (Groundball, 3D, EV 95.0 MPH)
|
|
Batting: RHB Alfredo Sena
|
0-0: Ball 1-0: Foul Ball, location: 2F 1-1: Called Strike 1-2: Grounds into double play, 4-6-3 (Groundball, 34, EV 96.9 MPH)
|
| Bottom of the 1st over - 0 runs, 1 hit, 0 errors, 0 left on base; West Virginia 2 - Wisconsin 0 |
| TOP OF THE 2ND |
|
West Virginia Power batting - Pitching for Wisconsin Timber Rattlers : RHP Javy Rodriquez
|
|
Batting: RHB Perry Dominey
|
0-0: Called Strike 0-1: Ball 1-1: Fly out, F8 (Flyball, 89M, EV 92.5 MPH)
|
|
Batting: RHB Ken Manser
|
0-0: Called Strike 0-1: Called Strike 0-2: Ball 1-2: Fly out, F7 (Flyball, 78M, EV 85.0 MPH)
|
|
Batting: RHB Terrence Wilson
|
0-0: Swinging Strike 0-1: Ball 1-1: Called Strike 1-2: Ball 2-2: Foul Ball, location: 2F 2-2: Strikes out swinging
|
| Top of the 2nd over - 0 runs, 0 hits, 0 errors, 0 left on base; West Virginia 2 - Wisconsin 0 |
| BOTTOM OF THE 2ND |
|
Wisconsin Timber Rattlers batting - Pitching for West Virginia Power : LHP Mario Flores
|
|
Batting: LHB Karel Hort
|
0-0: Ball 1-0: Ball 2-0: Called Strike 2-1: Called Strike 2-2: Fly out, F8 (Flyball, 8RD, EV 106.9 MPH)
|
|
Batting: SHB Jerry Duffy
|
0-0: Ball 1-0: Ball 2-0: Ball 3-0: Called Strike 3-1: SINGLE (Groundball, 6D, EV 105.0 MPH)
|
|
Batting: RHB Juan Villanueva
|
0-0: Ball 1-0: Foul Ball, location: 2F 1-1: Ball 2-1: Called Strike 2-2: Fly out, F9 (Flyball, 9LD, EV 101.2 MPH)
|
|
Batting: SHB Ramon Perez
|
0-0: Ball 1-0: Called Strike 1-1: Ball 2-1: Called Strike 2-2: Fielders Choice at 2nd, 5-4 (Groundball, 56, EV 79.4 MPH)
|
| Bottom of the 2nd over - 0 runs, 1 hit, 0 errors, 1 left on base; West Virginia 2 - Wisconsin 0 |
| TOP OF THE 3RD |
|
West Virginia Power batting - Pitching for Wisconsin Timber Rattlers : RHP Javy Rodriquez
|
|
Batting: RHB Alain Marquet
|
0-0: Ball 1-0: Ball 2-0: Foul Ball, location: 2F 2-1: SINGLE (Line Drive, 89S, EV 108.1 MPH)
|
|
Batting: LHB Tomohiro Yokoyama
|
0-0: Called Strike 0-1: Ball 1-1: Ball 2-1: Swinging Strike 2-2: Reached on error, E6 (Groundball, 6, EV 100.6 MPH) Alain Marquet to second
|
|
Batting: RHB Dave Fredericks
|
0-0: Fly out, F7 (Flyball, 78S, EV 82.5 MPH)
|
|
Batting: RHB Tim Moore
|
0-0: Ball 1-0: Ball 2-0: Called Strike 2-1: Ball 3-1: Grounds into double play, 4-6-3 (Groundball, 4, EV 85.0 MPH)
|
| Top of the 3rd over - 0 runs, 1 hit, 1 error, 1 left on base; West Virginia 2 - Wisconsin 0 |
| BOTTOM OF THE 3RD |
|
Wisconsin Timber Rattlers batting - Pitching for West Virginia Power : LHP Mario Flores
|
|
Batting: RHB Dan Allred
|
0-0: Ball 1-0: Ball 2-0: DOUBLE (Line Drive, 3D, EV 108.8 MPH)
|
|
Batting: RHB Dusty Bates
|
0-0: Called Strike 0-1: Ground out 5-3 (Groundball, 56S, EV 80.6 MPH)
|
|
Batting: RHB Hector Silva
|
0-0: Ball 1-0: Ball 2-0: Ball 3-0: Called Strike 3-1: Base on Balls
|
|
Batting: RHB Ryan Miller
|
0-0: Ball 1-0: Ball 2-0: Fielders Choice at 2nd, 3-6 (Groundball, 34, EV 108.1 MPH) Dan Allred to third
|
|
Batting: RHB Alfredo Sena
|
0-0: Called Strike 0-1: Called Strike 0-2: Ball 1-2: Ball 2-2: Ball 3-2: 3-RUN HOME RUN (Flyball, 78XD, EV 108.8 MPH), Distance : 415 ft
|
|
Batting: LHB Karel Hort
|
0-0: Foul Ball, location: 2F 0-1: Ball 1-1: Ground out 6-3 (Groundball, 4, EV 90.6 MPH)
|
| Bottom of the 3rd over - 3 runs, 2 hits, 0 errors, 0 left on base; West Virginia 2 - Wisconsin 3 |
| TOP OF THE 4TH |
|
West Virginia Power batting - Pitching for Wisconsin Timber Rattlers : RHP Javy Rodriquez
|
|
Batting: RHB Chris Beckham
|
0-0: Ball 1-0: Called Strike 1-1: Ball 2-1: Ground out 5-3 (Groundball, 5D, EV 106.2 MPH)
|
|
Batting: RHB Seung-mun Kim
|
0-0: Called Strike 0-1: Ball 1-1: Fly out, F9 (Flyball, 9D, EV 107.5 MPH)
|
|
Batting: RHB Perry Dominey
|
0-0: Ground out 5-3 (Groundball, 25, EV 83.1 MPH)
|
| Top of the 4th over - 0 runs, 0 hits, 0 errors, 0 left on base; West Virginia 2 - Wisconsin 3 |
| BOTTOM OF THE 4TH |
|
Wisconsin Timber Rattlers batting - Pitching for West Virginia Power : LHP Mario Flores
|
|
Batting: SHB Jerry Duffy
|
0-0: Ball 1-0: Ball 2-0: Ball 3-0: Base on Balls
|
|
Batting: RHB Juan Villanueva
|
0-0: Swinging Strike 0-1: Called Strike 0-2: Ball 1-2: Foul Ball, location: 2F 1-2: Ball 2-2: Strikes out swinging
|
|
Batting: SHB Ramon Perez
|
0-0: Ball 1-0: Grounds into double play, 5-4-3 (Groundball, 56, EV 98.1 MPH)
|
| Bottom of the 4th over - 0 runs, 0 hits, 0 errors, 0 left on base; West Virginia 2 - Wisconsin 3 |
| TOP OF THE 5TH |
|
West Virginia Power batting - Pitching for Wisconsin Timber Rattlers : RHP Javy Rodriquez
|
|
Batting: RHB Ken Manser
|
0-0: Ball 1-0: Ball 2-0: Ball 3-0: Called Strike 3-1: Foul Ball, location: 2F 3-2: Base on Balls
|
|
Batting: RHB Terrence Wilson
|
0-0: Ball 1-0: Ball Ken Manser steals 2nd base 2-0: Ball 3-0: Called Strike 3-1: Called Strike 3-2: Strikes out looking
|
|
Batting: RHB Alain Marquet
|
0-0: Ball 1-0: Ball 2-0: Ground out 6-3 (Groundball, 6, EV 99.4 MPH)
|
|
Batting: LHB Tomohiro Yokoyama
|
0-0: Ball 1-0: Called Strike 1-1: Foul Ball, location: 2F 1-2: Ball 2-2: Ball 3-2: Base on Balls
|
|
Batting: RHB Dave Fredericks
|
0-0: Swinging Strike 0-1: Called Strike 0-2: Ball 1-2: Ball 2-2: Ball 3-2: Strikes out swinging
|
| Top of the 5th over - 0 runs, 0 hits, 0 errors, 2 left on base; West Virginia 2 - Wisconsin 3 |
| BOTTOM OF THE 5TH |
|
Wisconsin Timber Rattlers batting - Pitching for West Virginia Power : LHP Mario Flores
|
|
Batting: RHB Dan Allred
|
0-0: Ball 1-0: Ball 2-0: Ground out 4-3 (Groundball, 4, EV 88.1 MPH)
|
|
Batting: RHB Dusty Bates
|
0-0: Ball 1-0: Called Strike 1-1: Called Strike 1-2: Ball 2-2: Ball 3-2: Base on Balls
|
|
Batting: RHB Hector Silva
|
0-0: Swinging Strike 0-1: Swinging Strike 0-2: Ball 1-2: Strikes out swinging
|
|
Batting: RHB Ryan Miller
|
0-0: Fly out, F9 (Flyball, 9, EV 83.8 MPH)
|
| Bottom of the 5th over - 0 runs, 0 hits, 0 errors, 1 left on base; West Virginia 2 - Wisconsin 3 |
| TOP OF THE 6TH |
|
West Virginia Power batting - Pitching for Wisconsin Timber Rattlers : RHP Javy Rodriquez
|
|
Pitching: RHP Eddie Becerra
|
|
|
Batting: RHB Tim Moore
|
0-0: Foul Ball, location: 2F 0-1: Ball 1-1: Ground out 6-3 (Groundball, 6, EV 91.9 MPH)
|
|
Batting: RHB Chris Beckham
|
0-0: Ball 1-0: Ball 2-0: Called Strike 2-1: Ground out 5-3 (Groundball, 56S, EV 69.4 MPH)
|
|
Batting: RHB Seung-mun Kim
|
0-0: Foul Ball, location: 2F 0-1: Ball 1-1: Fly out, F8 (Flyball, 8LM, EV 90.6 MPH)
|
| Top of the 6th over - 0 runs, 0 hits, 0 errors, 0 left on base; West Virginia 2 - Wisconsin 3 |
| BOTTOM OF THE 6TH |
|
Wisconsin Timber Rattlers batting - Pitching for West Virginia Power : LHP Mario Flores
|
|
Batting: RHB Alfredo Sena
|
0-0: Ball 1-0: Swinging Strike 1-1: Swinging Strike 1-2: Ball 2-2: Strikes out swinging
|
|
Batting: LHB Karel Hort
|
0-0: Called Strike 0-1: Ball 1-1: Ball 2-1: Called Strike 2-2: Ball 3-2: Base on Balls
|
|
Batting: SHB Jerry Duffy
|
0-0: Swinging Strike 0-1: Grounds into double play, 6-4-3 (Groundball, 6M, EV 89.4 MPH)
|
| Bottom of the 6th over - 0 runs, 0 hits, 0 errors, 0 left on base; West Virginia 2 - Wisconsin 3 |
| TOP OF THE 7TH |
|
West Virginia Power batting - Pitching for Wisconsin Timber Rattlers : RHP Eddie Becerra
|
|
Batting: RHB Perry Dominey
|
0-0: Ball 1-0: Swinging Strike 1-1: Hit by Pitch
|
|
Batting: RHB Ken Manser
|
0-0: Bunted foul 0-1: Sac Bunt to 2L - play at first, batter OUT! 2-3 Perry Dominey to second
|
|
Batting: RHB Terrence Wilson
|
0-0: Ball 1-0: Ground out U3 (Groundball, 34S, EV 78.8 MPH) Perry Dominey to third
|
|
Batting: RHB Alain Marquet
|
0-0: Ball 1-0: Fly out, F3 (Popup, 3F, EV 74.4 MPH)
|
| Top of the 7th over - 0 runs, 0 hits, 0 errors, 1 left on base; West Virginia 2 - Wisconsin 3 |
| BOTTOM OF THE 7TH |
|
Wisconsin Timber Rattlers batting - Pitching for West Virginia Power : LHP Mario Flores
|
|
Batting: RHB Juan Villanueva
|
0-0: Called Strike 0-1: Foul Ball, location: 2F 0-2: Ball 1-2: Fly out, F4 (Line Drive, 4, EV 63.1 MPH)
|
|
Batting: SHB Ramon Perez
|
0-0: Swinging Strike 0-1: Foul Ball, location: 2F 0-2: Ball 1-2: Strikes out swinging
|
|
Batting: RHB Dan Allred
|
0-0: Called Strike 0-1: Ball 1-1: Ground out 6-3 (Groundball, 6, EV 88.1 MPH)
|
| Bottom of the 7th over - 0 runs, 0 hits, 0 errors, 0 left on base; West Virginia 2 - Wisconsin 3 |
| TOP OF THE 8TH |
|
West Virginia Power batting - Pitching for Wisconsin Timber Rattlers : RHP Eddie Becerra
|
|
Batting: LHB Tomohiro Yokoyama
|
0-0: Swinging Strike 0-1: Foul Ball, location: 2F 0-2: Foul Ball, location: 2F 0-2: Ball 1-2: Ball 2-2: Foul Ball, location: 2F 2-2: Ball 3-2: Foul Ball, location: 2F 3-2: Strikes out swinging
|
|
Batting: RHB Dave Fredericks
|
0-0: Called Strike 0-1: Ball 1-1: Swinging Strike 1-2: Strikes out swinging
|
|
Batting: RHB Tim Moore
|
0-0: Ball 1-0: Ball 2-0: Swinging Strike 2-1: Called Strike 2-2: Foul Ball, location: 2F 2-2: Ball 3-2: Base on Balls
|
|
Batting: RHB Chris Beckham
|
0-0: SINGLE (Line Drive, 6MD, EV 95.6 MPH) Tim Moore to second Runner from 2nd tries for 3rd, OUT after rundown.
|
| Top of the 8th over - 0 runs, 1 hit, 0 errors, 1 left on base; West Virginia 2 - Wisconsin 3 |
| BOTTOM OF THE 8TH |
|
Wisconsin Timber Rattlers batting - Pitching for West Virginia Power : LHP Mario Flores
|
|
Batting: RHB Dusty Bates
|
0-0: Ground out 3-1 (Groundball, 34S, EV 87.5 MPH)
|
|
Batting: RHB Hector Silva
|
0-0: Ground out 6-3 (Groundball, 56, EV 95.6 MPH)
|
|
Batting: RHB Ryan Miller
|
0-0: Called Strike 0-1: Ground out 5-3 (Groundball, 56, EV 83.1 MPH)
|
| Bottom of the 8th over - 0 runs, 0 hits, 0 errors, 0 left on base; West Virginia 2 - Wisconsin 3 |
| TOP OF THE 9TH |
|
West Virginia Power batting - Pitching for Wisconsin Timber Rattlers : RHP Eddie Becerra
|
|
Pitching: RHP Sal Contreras
|
|
|
Batting: RHB Seung-mun Kim
|
0-0: Fly out, F5 (Popup, 5S, EV 80.6 MPH)
|
|
Batting: RHB Perry Dominey
|
0-0: Swinging Strike 0-1: Called Strike 0-2: Strikes out swinging
|
|
Batting: RHB Ken Manser
|
0-0: Ball 1-0: Ball 2-0: Fly out, F8 (Flyball, 89D, EV 79.4 MPH)
|
| Top of the 9th over - 0 runs, 0 hits, 0 errors, 0 left on base; West Virginia 2 - Wisconsin 3 |
|